 Dungeon Crawl Stone Soup version 0.27-a0-1084-g78b3836a5f (webtiles) character file.

Game seed: 683433457837115224

455 1player the Skirmisher (level 7, 0/55 (56) HPs)
             Began as a Formicid Abyssal Knight on Apr 26, 2021.
             Was a Priest of Lugonu.
             Succumbed to a kobold brigand's poison
             ... on level 3 of the Dungeon.
             The game lasted 00:14:23 (5211 turns).

1player the Skirmisher (Formicid Abyssal Knight)    Turns: 5211, Time: 00:14:24

HP:   0/55 (56)     AC:  9    Str: 19    XL:     7   Next: 26%
MP:   6/10          EV: 14    Int: 17    God:    Lugonu [***...]
Gold: 116           SH:  0    Dex: 10    Spells: 6/6 levels left

rFire    . . .     SeeInvis +   a - +1 dagger (elec)
rCold    . . .     Faith    .   (no shield)
rNeg     . . .     Spirit   .   p - +2 scale mail {Will+}
rPois    .         Reflect  .   (helmet unavailable)
rElec    .         Harm     .   (no cloak)
rCorr    .         Rampage  .   (no gloves)
Will     +....                  (no boots)
Stlth    +.........             (no amulet)
HPRegen  0.18/turn              r - +6 ring of intelligence
MPRegen  0.12/turn              (no ring)

@: mighty, agile, lethally poisoned (0 -> -12), lightly drained
A: permanent stasis, dig shafts and tunnels, antennae 3, four strong arms
a: Dig, Shaft Self, Renounce Religion, Depart the Abyss, Bend Space, Banish


You were on level 3 of the Dungeon.
You worshipped Lugonu.
Lugonu was most pleased with you.
You visited 1 branch of the dungeon, and saw 3 of its levels.
You visited the Abyss 1 time.

You collected 116 gold pieces.

Inventory:

Hand Weapons
 a - a +1 dagger of electrocution (weapon)
 b - a +0 hunting sling
 e - a +0 club
 g - a +1 mace
 q - a +0 dagger of holy wrath
 t - a +0 whip
 u - a +0 short sword
 w - a +3 dagger of speed
 x - a +0 short sword of distortion
Missiles
 l - 9 sling bullets
 o - 86 stones (quivered)
Armour
 p - a +2 scale mail of willpower (worn)
Jewellery
 r - a +6 ring of intelligence (left hand)
Scrolls
 d - a scroll of identify {@r1}
 f - a scroll of vulnerability {unknown}
 i - a scroll of enchant armour {unknown}
 k - a scroll of summoning
 s - 2 scrolls of amnesia {unknown}
Potions
 c - a potion of brilliance
 v - 2 potions of flight


   Skills:
 - Level 5.2 Fighting
 - Level 3.0 Maces & Flails
 + Level 1.1 Slings
 - Level 4.0 Armour
 - Level 0.8 Dodging
 - Level 4.0 Stealth
 - Level 4.0 Invocations


You had 6 spell levels left.
You didn't know any spells.
Your spell library was empty.

Dungeon Overview and Level Annotations

Branches:
Dungeon (3/15)

Altars:

Annotations:
D:2 exclusion: downstairs


Innate Abilities, Weirdness & Mutations

You cannot be hasted, slowed, berserked, paralysed or teleported.
You can dig through walls and to a lower floor.
You have a pair of large antennae on your head. (SInv)
Your four strong arms can wield two-handed weapons with a shield.


Message History

Okay, then.
You hit the kobold brigand.
The kobold brigand is heavily wounded.
You feel sick.
The kobold brigand hits you but does no damage.
Unknown command.
You hit the kobold brigand but do no damage.
The kobold brigand is heavily wounded.
You feel sick.
The kobold brigand hits you with a +1 rapier of chaos.
You are more poisoned.
Unknown command.
You hit the kobold brigand.
Lightning courses through the kobold brigand!
The kobold brigand is almost dead.
You feel sick.
The kobold brigand hits you but does no damage.
You feel very mighty all of a sudden.
Unknown command.
You barely miss the kobold brigand.
The kobold brigand is almost dead.
You feel sick.
The kobold brigand hits you but does no damage.
You are lethally poisoned!
You barely miss the kobold brigand.
The kobold brigand is almost dead.
* * * LOW HITPOINT WARNING * * *
You feel very sick.
The kobold brigand hits you with a +1 rapier of chaos.
* * * LOW HITPOINT WARNING * * *
You feel agile all of a sudden.
Unknown command.
You closely miss the kobold brigand.
The kobold brigand is almost dead.
* * * LOW HITPOINT WARNING * * *
You feel very sick. The kobold brigand closely misses you.
Unknown command.
Okay, then.
You die...

#......#
#...##.....#...#
#?.#.#.#
#..........#...#
#......#
#...##.....#...#
#..#.#.#
#...###....#..####
#......# #...#
#..........#
#.....##
##.####..##'''##.#
#######
#.###K.##.....###
#.##)#.#.#...#.#
#.#@##.#⌠.#.#.⌠#
##.#####.#...#.#
### ##.....##
##.[.## #####
##### #....


You could see a kobold brigand.

Vanquished Creatures
  The ghost of ChaosF the Poker, an amateur GnCK of Xom (D:3)
  A centaur zombie (D:3)
  A jelly (D:3)
  3 orc priests
  3 orc wizards
  4 adders
  4 dart slugs
  8 orcs
  12 ball pythons
  4 endoplasms
  2 giant cockroaches
  6 goblins
  8 hobgoblins
  4 jackals (D:1)
  13 kobolds
  3 quokkas
  12 bats
  5 frilled lizards
  4 rats
98 creatures vanquished.

Vanquished Creatures (others)
  An orc wizard (D:3)
1 creature vanquished.

Grand Total: 99 creatures vanquished

Notes
Turn   | Place    | Note
-------+----------+-------------------------------------------
     0 | Abyss:1  | 1player the Formicid Abyssal Knight began the quest for the
                  | Orb.
     0 | Abyss:1  | Reached XP level 1. HP: 18/18 MP: 2/2
    82 | Abyss:1  | Noticed a tentacled starspawn
    87 | D:1      | Escaped the Abyss
   228 | D:1      | Reached skill level 1 in Stealth
   228 | D:1      | Reached XP level 2. HP: 13/24 MP: 3/3
   529 | D:1      | Reached * piety under Lugonu
   791 | D:1      | Reached XP level 3. HP: 9/29 MP: 4/4
  1597 | D:1      | Found a faded altar of an unknown god.
  1602 | D:1      | Identified the +2 robe "Redo" {rElec}
  2387 | D:2      | Reached XP level 4. HP: 37/37 MP: 5/5
  2394 | D:2      | Reached ** piety under Lugonu
  3109 | D:2      | Reached skill level 4 in Fighting
  3231 | D:3      | Reached XP level 5. HP: 25/42 MP: 6/6
  3243 | D:3      | Noticed an orc warrior
  3560 | D:3      | Reached XP level 6. HP: 48/49 MP: 8/8
  3620 | D:3      | HP: 1/49 [orc priest/divine providence (13)]
  3875 | D:3      | Reached *** piety under Lugonu
  4052 | D:3      | Reached skill level 5 in Fighting
  4834 | D:3      | Found a runed translucent gate.
  4835 | D:3      | Found a runed translucent gate.
  4835 | D:3      | Noticed ChaosF's ghost (amateur GnCK)
  4836 | D:3      | Found a runed translucent gate.
  5131 | D:3      | Killed ChaosF's ghost
  5132 | D:3      | Reached XP level 7. HP: 36/56 MP: 10/10
  5136 | D:3      | Reached skill level 1 in Slings
  5211 | D:3      | Succumbed to a kobold brigand's poison

Illustrated notes

Levels and vault maps discovered:
D:1:      dpeg_arrival_three_same_balls, layout_basic,
          hellmonk_ecumenical_altar_lost_god, chequers_mini_garden
D:2:      layout_loops_ring
D:3:      layout_basic, serial_glass, glass_columns_b, glass_columns_a,
          glass_columns_c, gammafunk_ghost_nasty_kobolds, minmay_cut_off

Skill      XL: |  1  2  3  4  5  6  7 |
---------------+----------------------+-----
Stealth        | 1 2 3 4 |  4.0
Fighting       | 4 5 |  5.2
Invocations    | 3 4 |  4.0
Maces & Flails | 3 |  3.0
Armour         | 4 |  4.0
Slings         | 1 |  1.1
Dodging        | |  0.8

Action                   |  1- 3 |  4- 6 |  7- 9 || total
-------------------------+-------+-------+-------++-------
Melee: Mace              |    16 |       |       ||    16
       Club              |    73 |       |       ||    73
       Short sword       |    55 |    80 |       ||   135
       Dagger            |       |    95 |    28 ||   123
       Whip              |       |     8 |       ||     8
 Fire: Hunting sling     |     3 |    83 |       ||    86
Invok: Depart the Abyss  |     1 |       |       ||     1
       Bend Space        |       |     1 |       ||     1
 Abil: Dig               |       |     7 |       ||     7
  Use: Scroll            |     3 |     3 |       ||     6
       Potion            |       |     2 |       ||     2
 Stab: Sleeping          |     1 |     1 |       ||     2
Armor: Leather armour    |    53 |       |       ||    53
       Scale mail        |       |   105 |    11 ||   116
Dodge: Dodged            |   117 |   104 |    10 ||   231

Table legend: (Time is in decaauts)
 A = Elapsed time spent in this place.
 B = Non-inter-level travel time spent in this place.
 C = Inter-level travel time spent in this place.
 D = Time resting spent in this place.
 E = Time spent auto-exploring this place.
 F = Levels seen in this place.
 G = Mean time per level.
                   A        B        C        D        E       F      G
               +--------+--------+--------+--------+--------+-----+--------+
         Total |   5251 |   5015 |    236 |   2054 |   1357 |   4 | 1312.8 |
       Dungeon |   5164 |   4928 |    236 |   2054 |   1295 |   3 | 1721.3 |
         Abyss |     87 |     87 |      0 |      0 |     62 |   1 |   87.0 |
               +--------+--------+--------+--------+--------+-----+--------+

Top non-repeatable levels by time:
     D:1: 2023 daAuts
     D:2: 1585 daAuts
     D:3: 1554 daAuts
 Abyss:1: 87 daAuts
